 Dungeon Crawl Stone Soup version 0.18.1-48-g4cf74bf (webtiles) character file.

107 GameOver the Sneak (level 4, -7/38 HPs)
             Began as a Naga Transmuter on Sept 11, 2016.
             Mangled by an ice beast (9 damage)
             ... on level 3 of the Dungeon.
             The game lasted 00:09:35 (1500 turns).

GameOver the Sneak (Naga Transmuter)                Turns: 1500, Time: 00:09:35

Health: -7/38      AC:  2    Str: 13    XL:     4   Next: 85%
Magic:  1/7        EV: 10    Int: 14    God:
Gold:   160        SH:  0    Dex: 11    Spells: 2 memorised, 4 levels left

rFire  . . .     SeeInvis +       - Unarmed
rCold  . . .     Gourm    .     b - +0 robe
rNeg   . . .     Faith    .     (no shield)
rPois  +         Spirit   .     (no helmet)
rElec  .         Dismiss  .     (no cloak)
rCorr  +         Reflect  .     (no gloves)
SustAt .         Harm     .     (no barding)
MR     .....                    (no amulet)
Stlth  +++.......               (no ring)
                                g - ring of resist corrosion

@: appendage, very slightly contaminated, very slow, not resistant to hostile
enchantments, fairly stealthy
A: horns 2, see invisible, deformed body, poison resistance, slowness 2, slow
metabolism 1, spit poison 2, AC +1
a: Spit Poison, End Transformation


You were on level 3 of the Dungeon.
You were not hungry.
You had grown temporary horns.
You visited 1 branch of the dungeon, and saw 3 of its levels.

You collected 160 gold pieces.

Inventory:

Hand Weapons
 e - a +0 dagger
Missiles
 a - 70 arrows
Armour
 b - a +0 robe (worn)
Jewellery
 g - a ring of resist corrosion (left hand)
Scrolls
 h - a scroll of enchant armour {unknown}
 k - 4 scrolls of blinking {unknown}
 l - a scroll of magic mapping {unknown}
 m - 5 scrolls of remove curse {unknown}
 n - 2 scrolls of teleportation {unknown}
 p - 2 scrolls of amnesia {unknown}
 q - a scroll of identify {unknown}
 r - 2 scrolls of immolation {unknown}
 s - a scroll of enchant weapon {unknown}
 u - a scroll of fear {unknown}
Potions
 f - a potion of haste {unknown}
 i - 2 potions of agility {unknown}
 o - a potion of curing {unknown}
Books
 c - a book of Changes

   Spells                             Type                      Level
   a - Beastly Appendage              Transmutation                1
   b - Sticks to Snakes               Transmutation                2
   c - Spider Form                    Transmutation/Poison         3
   d - Ice Form                       Ice/Transmutation            4
   e - Blade Hands                    Transmutation                5
Comestibles
 d - 4 bread rations
 j - a slice of pizza
 t - a chunk of flesh


   Skills:
 - Level 1.0 Fighting
 - Level 1.5 Dodging
 + Level 4.3 Stealth
 - Level 3.0 Unarmed Combat
 - Level 2.0 Spellcasting
 + Level 3.8 Transmutations


You had 4 spell levels left.
You knew the following spells:

 Your Spells              Type           Power        Failure   Level  Hunger
a - Beastly Appendage     Trmt           ##....       6%          1    ##.....
b - Sticks to Snakes      Trmt           ##......     10%         2    ###....


Dungeon Overview and Level Annotations

Branches:
Dungeon (3/15)

Altars:
Xom


Innate Abilities, Weirdness & Mutations

You cannot wear boots.
Your serpentine skin is tough (AC +1).
You have supernaturally acute eyesight.
Armour fits poorly on your strangely shaped body.
Your system is resistant to poisons.
You cover ground very slowly.
You have a slow metabolism.
You can spit poison.
You have a pair of horns on your head.


Message History

Your hands glow momentarily.
Your ball python misses the ice beast.
Casting: Sticks to Snakes
Confirm with . or Enter, or press ? or * to list all spells.
You grow a pair of large bovine horns.
Your ball python barely misses the ice beast.
The ice beast hits you. The ice beast freezes you!
Your ball python bites the ice beast.
Unknown command.
You closely miss the ice beast.
You headbutt the ice beast, but do no damage.
The ice beast is lightly wounded.
The ice beast hits you.
* * * LOW HITPOINT WARNING * * *
The ice beast freezes you.
* * * LOW HITPOINT WARNING * * *
Your ball python bites the ice beast but does no damage.
The ice beast hits you.
* * * LOW HITPOINT WARNING * * *
The ice beast freezes you!
You die...

<.........†÷........
.............###.#.#
############.###.#..
#..)..#.# ##########
#.....#.# #........#
#.....#.# #........#
#.....#.####### #........#
#.....#........ #........#
##...@.S.##### #........#
#....Y........
#........####....^..######
#...................#
#............#.######
#.........[..#.######
#........)..........#
#.......(....#......####
#............#(..).....#


You could see an ice beast and a friendly ball python.

Vanquished Creatures
  5 adders
  2 oozes
  2 dart slugs
  2 giant geckos
  4 bats
  6 goblins
  7 hobgoblins
  2 jackals (D:3)
  2 quokkas (D:2)
  5 giant newts
  5 kobolds
  8 rats
50 creatures vanquished.

Notes
Turn   | Place    | Note
--------------------------------------------------------------
     0 | D:1      | GameOver the Naga Transmuter began the quest for the Orb.
     0 | D:1      | Reached XP level 1. HP: 18/18 MP: 3/3
    25 | D:1      | Reached skill level 1 in Stealth
   185 | D:1      | Reached XP level 2. HP: 24/25 MP: 3/5
   189 | D:1      | Learned a level 2 spell: Sticks to Snakes
   741 | D:1      | Reached skill level 2 in Stealth
   741 | D:1      | Reached XP level 3. HP: 28/31 MP: 4/6
   857 | D:2      | Reached skill level 3 in Stealth
   943 | D:2      | Reached XP level 4. HP: 18/38 MP: 4/7
  1012 | D:2      | Found a shimmering altar of Xom.
  1408 | D:3      | Reached skill level 4 in Stealth
  1491 | D:3      | Noticed an ice beast
  1500 | D:3      | Mangled by an ice beast

Skill      XL: |  1  2  3  4 |
---------------+-------------+-----
Stealth        | 1 2 3 4 |  4.3
Transmutations | 3 |  3.8
Fighting       | |  1.0
Dodging        | |  1.5
Unarmed Combat | |  3.0
Spellcasting   | |  2.0

Action                   |  1- 3 |  4- 6 || total
-------------------------+-------+-------++-------
Melee: Unarmed           |    44 |    40 ||    84
       Headbutt          |     5 |     9 ||    14
 Cast: Beastly Appendage |    11 |    10 ||    21
       Sticks to Snakes  |       |     2 ||     2
 Abil: Spit Poison       |    24 |    23 ||    47
 Stab: Sleeping          |     1 |       ||     1
  Eat: Chunk             |     1 |     4 ||     5
Armor: Robe              |     2 |     8 ||    10
Dodge: Dodged            |    23 |    28 ||    51
